 Dungeon Crawl Stone Soup version 0.17.0-24-gcfadda4 (console) character file.

10749 Kloppie the Protected (level 11, -1/97 HPs)
             Began as a Deep Dwarf Venom Mage on Nov 15, 2015.
             Was a High Priest of Cheibriados.
             Slain by a komodo dragon (19 damage)
             ... on level 2 of the Lair of Beasts.
             The game lasted 00:46:28 (11329 turns).

Kloppie the Protected (Deep Dwarf Venom Mage)      Turns: 11329, Time: 00:46:28

Health: -1/97      AC: 20    Str: 24    XL:     11   Next: 40%
Magic:  10/13      EV: 17    Int: 30    God:    Cheibriados [*****.]
Gold:   381        SH:  0    Dex: 26    Spells: 3 memorised, 4 levels left

rFire  . . .     SeeInvis .     j - +8 trident {venom, rElec rPois MR+}
rCold  . . .     Clarity  .     B - +3 plate armour
rNeg   . . .     SustAt   .     (no shield)
rPois  +         Gourm    .     (no helmet)
rElec  +         Spirit   .     X - +0 cloak
rCorr  .         Warding  .     (no gloves)
rMut   .         Stasis   .     U - +1 pair of boots
MR     ++...                    (no amulet)
Stlth  ..........               u - +3 ring of evasion
                                P - ring "Qetaitowergh" {+Fly Slay+2}

@: non-regenerating, very slow, very resistant to hostile enchantments,
extremely unstealthy
A: damage resistance, recharge devices, sense surroundings 2, slow regeneration
3
a: Device Recharging, Bend Time, Temporal Distortion, Slouch, Step From Time,
Renounce Religion, Evoke Flight


You were on level 2 of the Lair of Beasts.
You worshipped Cheibriados.
Cheibriados was extremely pleased with you.
You were not hungry.

You visited 3 branches of the dungeon, and saw 12 of its levels.
You also visited: Sewer.

You collected 682 gold pieces.
You spent 301 gold pieces at shops.

Inventory:

Hand Weapons
 a - a +0 war axe
 j - the +8 trident of the Octopus King (weapon) {venom, rElec rPois MR+}
   (You found it on level 6 of the Dungeon)

   It poisons the flesh of those it strikes.
   It insulates you from electricity.
   It protects you from poison.
   It affects your resistance to hostile enchantments.
Armour
 B - a +3 plate armour (worn)
 T - a +0 ring mail
 U - a +1 pair of boots (worn)
 X - a +0 cloak (worn)
Jewellery
 m - an uncursed ring of flight
 n - an uncursed ring of teleportation
 u - a +3 ring of evasion (right hand)
 C - an uncursed ring of fire
 P - the ring "Qetaitowergh" (left hand) {+Fly Slay+2}
   (You found it on level 4 of the Dungeon)

   [ring of flight]

   It affects your accuracy and damage with ranged weapons and melee attacks
   (+2).
   It lets you fly.
 Q - an uncursed ring of stealth
Wands
 c - a wand of heal wounds (3)
 e - a wand of digging (13)
 S - a wand of enslavement (7)
 W - a wand of slowing (25)
Scrolls
 k - a scroll of enchant weapon {unknown}
 o - 3 scrolls of magic mapping
 r - a scroll of noise
 v - a scroll of enchant armour
 w - 3 scrolls of fog
 y - 2 scrolls of teleportation
 z - a scroll of recharging
 R - 3 scrolls of remove curse
 V - 2 scrolls of fear
Potions
 g - 2 potions of flight
 l - 2 potions of resistance
 p - 3 potions of agility
 q - 7 potions of curing
 t - a potion of lignification
 x - a potion of invisibility
 A - 3 potions of might {unknown}
 E - a potion of ambrosia {unknown}
 H - 3 potions of brilliance {unknown}
 K - 3 potions of heal wounds
 N - a potion of mutation {unknown}
 O - 3 potions of magic {unknown}
Books
 f - a Young Poisoner's Handbook

   Spells                             Type                      Level
   a - Sting                          Conjuration/Poison           1
   b - Cure Poison                    Poison                       2
   c - Mephitic Cloud                 Conjuration/Poison/Air       3
   d - Olgreb's Toxic Radiance        Poison                       4
   e - Venom Bolt                     Conjuration/Poison           5
Comestibles
 b - 12 fruits
 d - 6 bread rations
 h - 5 meat rations
 i - a beef jerky
 s - 5 chunks of flesh


   Skills:
 - Level 6.2 Fighting
 - Level 5.2 Axes
 + Level 9.1 Armour
 - Level 8.1 Dodging
 - Level 2.4 Stealth
 - Level 1.7 Spellcasting
 + Level 7.6 Conjurations
 - Level 6.1 Poison Magic
 + Level 6.9 Invocations


You had 4 spell levels left.
You knew the following spells:

 Your Spells              Type           Power        Failure   Level  Hunger
a - Sting                 Conj/Pois      ####         8%          1    None
b - Mephitic Cloud        Conj/Pois/Air  ####....     43%         3    ###....
c - Venom Bolt            Conj/Pois      #####.....   99%         5    ######.


Dungeon Overview and Level Annotations

Branches:
Dungeon (9/15)             Temple (1/1) D:4            Lair (2/8) D:9
    Orc: D:9-12

Altars:
Ashenzari
Cheibriados
Dithmenos
Elyvilon
Fedhas
Gozag
Kikubaaqudgha
Makhleb
Nemelex Xobeh
Okawaru
Qazlal
Ru
Sif Muna
Trog
Vehumet
Xom
Yredelemnul
Zin
The Shining One

Shops:
D:6 [[!(   D:9 ?

Annotations:
D:7 exclusion: ogre


Innate Abilities, Weirdness & Mutations

You are resistant to damage.
You can recharge devices by infusing magical energy.
You passively map the area around you.
You do not regenerate naturally.


Message History

Aiming: Sting
Press: ? - help, Shift-Dir - straight line, f/p - komodo dragon
Aim: a komodo dragon (lightly wounded, poisoned)
The sting hits the komodo dragon.
The komodo dragon appears unharmed.
The komodo dragon is lightly wounded.
Attack whom?
Press: ? - help, Dir - move target cursor, f/p - komodo dragon
Aim: a komodo dragon (lightly wounded, poisoned)
You reach to attack!
You hit the komodo dragon.
The komodo dragon looks even sicker.
The komodo dragon is moderately wounded.
The komodo dragon misses you.
You puncture the komodo dragon!
The komodo dragon is heavily wounded.
The komodo dragon bites you!!
* * * LOW HITPOINT WARNING * * *
You closely miss the komodo dragon.
The komodo dragon is heavily wounded.
The komodo dragon bites you!!
You die...

..............>..................
.....##P........##............ ,
.....##........##.#P..........,
.............................. ,
..##.P#.#...(....#.........#..
.............................., ,
#.#.[#P................#.#..##
...............l.............. ,
.........P#.#P..@....#.......# *
.............................. ,
#.................##.#<.......
..............................
...P##.##P.#..#..##..##.##..##
#..##...#. ####.P###.#*... ...,
....>.... ,.... ... .....,. ,
...#P...* ...#.#......... * *
..P...P. * , ##.., ...... *


You could see a komodo dragon.

Vanquished Creatures
  A griffon (D:9)
  4 spiny frogs
  3 elephants (Lair:1)
  A troll (D:9)
  A komodo dragon (Lair:1)
  13 yaks
  A deep elf fighter (D:9)
  A deep elf mage (D:9)
  A wyvern (D:9)
  6 wolves
  A hungry ghost (D:8)
  3 water moccasins (Lair:2)
  A porcupine (Lair:2)
  A black bear (D:9)
  2 orc warriors
  A phantom (D:8)
  5 centaurs
  3 ogres
  6 crocodiles
  9 giant frogs
  A big kobold (D:8)
  A gnoll sergeant (D:8)
  A wyvern skeleton (D:9)
  3 scorpions
  5 wights (D:7)
  2 jellies
  A centaur zombie (D:5)
  A wasp zombie (D:8)
  4 crimson imps
  6 hounds
  A gnoll shaman (D:4)
  A centaur skeleton (D:6)
  3 orc priests
  2 giant frog skeletons
  An iguana (Lair:2)
  7 orc wizards
  10 worker ants
  A hound zombie (D:9)
  A hound skeleton (D:4)
  11 adders
  11 gnolls
  14 river rats
  2 oozes (Sewer)
  An adder zombie (D:6)
  An adder skeleton (D:9)
  2 worms
  6 giant geckos
  25 orcs
  20 bats
  7 giant cockroaches
  4 goblins
  8 hobgoblins
  13 jackals
  5 kobolds
  4 quokkas
  16 ball pythons
  A giant gecko skeleton (D:4)
  6 giant newts
  41 rats
314 creatures vanquished.

Vanquished Creatures (others)
  An orc wizard (D:4)
  A fungus (Lair:2)
2 creatures vanquished.

Grand Total: 316 creatures vanquished

Notes
Turn   | Place    | Note
--------------------------------------------------------------
     0 | D:1      | Kloppie the Deep Dwarf Venom Mage began the quest for the Orb.
     0 | D:1      | Reached XP level 1. HP: 15/15 MP: 3/3
   399 | D:1      | Reached XP level 2. HP: 22/22 MP: 4/4
  1253 | D:2      | Reached skill level 1 in Conjurations
  1289 | D:2      | Reached XP level 3. HP: 22/28 MP: 5/5
  1685 | D:2      | Found a stormy altar of Qazlal.
  1897 | D:2      | Learned a level 3 spell: Mephitic Cloud
  1971 | D:2      | Reached XP level 4. HP: 23/36 MP: 4/6
  1999 | D:2      | Reached skill level 4 in Poison Magic
  2466 | D:3      | Reached XP level 5. HP: 28/42 MP: 3/6
  2999 | D:4      | Reached skill level 1 in Axes
  3032 | D:4      | Found a glowing drain.
  3075 | Sewer    | Entered a sewer
  3626 | Sewer    | Reached XP level 6. HP: 36/49 MP: 5/7
  4012 | D:4      | Reached skill level 5 in Dodging
  4059 | D:4      | Reached skill level 5 in Poison Magic
  4059 | D:4      | Reached XP level 7. HP: 28/55 MP: 8/8
  4358 | D:4      | Found a staircase to the Ecumenical Temple.
  4648 | D:4      | Got a brightly glowing steel ring
  4894 | Temple   | Entered the Ecumenical Temple
  5210 | D:5      | Entered Level 5 of the Dungeon
  5520 | D:5      | Found a snail-covered altar of Cheibriados.
  5660 | D:5      | Learned a level 5 spell: Venom Bolt
  5671 | D:5      | Became a worshipper of Cheibriados the Contemplative
  5793 | D:5      | Reached skill level 6 in Dodging
  5795 | D:5      | Identified the ring "Qetaitowergh" {+Fly Slay+2} (You found it on level 4 of the Dungeon)
  5872 | D:5      | Found a glowing silver altar of Zin.
  6051 | D:6      | Found Hamuwob's Weapon Boutique.
  6106 | D:5      | Reached XP level 8. HP: 25/62 MP: 5/7
  6303 | D:6      | Found a glowing golden altar of the Shining One.
  6338 | D:6      | Reached skill level 5 in Axes
  6411 | D:6      | Found Kicod's Armour Emporium.
  6492 | D:6      | Reached * piety under Cheibriados
  6696 | D:6      | Found Necuar's Distillery.
  6701 | D:6      | Bought a potion of berserk rage for 60 gold pieces
  6701 | D:6      | Bought a potion of degeneration for 12 gold pieces
  6703 | D:6      | Bought a potion of curing for 36 gold pieces
  6703 | D:6      | Bought a potion of heal wounds for 60 gold pieces
  6903 | D:6      | Reached skill level 1 in Fighting
  7023 | D:6      | Found Meistrac's Armour Boutique.
  7065 | D:6      | Reached skill level 7 in Dodging
  7108 | D:6      | Found a deep blue altar of Sif Muna.
  7415 | D:7      | Reached skill level 1 in Armour
  7424 | D:7      | Reached ** piety under Cheibriados
  7565 | D:7      | Gained mutation: You passively map the area around you. [Deep Dwarf growth]
  7565 | D:7      | Reached XP level 9. HP: 47/75 MP: 1/8
  7889 | D:8      | Found an ancient bone altar of Kikubaaqudgha.
  7893 | D:8      | Found a shattered altar of Ashenzari.
  7914 | D:8      | Reached skill level 8 in Dodging
  8452 | D:8      | Reached *** piety under Cheibriados
  8904 | D:9      | Found Ecouq's Magic Scroll Emporium.
  8913 | D:9      | Bought a scroll of recharging for 133 gold pieces
  8961 | D:9      | Reached skill level 5 in Armour
  8969 | D:9      | Noticed a griffon
  8984 | D:9      | Reached skill level 5 in Fighting
  9065 | D:9      | Reached **** piety under Cheibriados
  9138 | D:9      | Reached XP level 10. HP: 53/88 MP: 6/9
  9170 | D:9      | Found a staircase to the Lair.
  9330 | D:9      | Killed a griffon
  9330 | D:9      | Reached skill level 5 in Conjurations
  9418 | D:9      | Found a burning altar of Makhleb.
  9717 | Lair:1   | Entered Level 1 of the Lair of Beasts
  9791 | Lair:1   | Reached skill level 1 in Invocations
 10379 | Lair:1   | Noticed an elephant
 10380 | Lair:1   | Noticed an elephant
 10395 | Lair:1   | Killed an elephant
 10428 | Lair:1   | Noticed an elephant
 10433 | Lair:1   | Killed an elephant
 10442 | Lair:1   | Killed an elephant
 10442 | Lair:1   | Reached skill level 5 in Invocations
 10442 | Lair:1   | Reached XP level 11. HP: 31/97 MP: 9/11
 11121 | Lair:2   | Reached ***** piety under Cheibriados
 11254 | Lair:2   | Reached skill level 9 in Armour
 11329 | Lair:2   | Slain by a komodo dragon

Action                   |  1- 3 |  4- 6 |  7- 9 | 10-12 || total
-------------------------+-------+-------+-------+-------++-------
Melee: Short sword       |    84 |    35 |       |       ||   119
       Unarmed           |     8 |       |       |       ||     8
       War axe           |       |   171 |   221 |       ||   392
       Trident           |       |       |   218 |   233 ||   451
 Cast: Sting             |    51 |    61 |   110 |    62 ||   284
Invok: Slouch            |       |       |       |     1 ||     1
 Abil: Device Recharging |       |     1 |     2 |       ||     3
Evoke: Wand              |     1 |     6 |    17 |    11 ||    35
  Use: Scroll            |       |       |    13 |     8 ||    21
 Stab: Sleeping          |     2 |       |     5 |       ||     7
  Eat: Chunk             |     4 |     8 |    16 |     5 ||    33
       Pizza             |       |     1 |       |       ||     1
